 Seeded DCSS version 0.30-a0-134-gb40fab5c76 (webtiles) character file.

Game seed: 17246712331252751712 (custom seed)

6 wilfster70 the Trooper (level 1, 18/18 HPs)
             Began as a Demonspawn Fighter on Sept 19, 2022.
             Quit the game on level 1 of the Dungeon.
             The game lasted 00:00:53 (76 turns).

wilfster70 the Trooper (Demonspawn Fighter)           Turns: 76, Time: 00:00:54

Health: 18/18      AC:  6    Str: 16    XL:     1   Next: 75%
Magic:  1/1        EV:  8    Int:  9    God:
Gold:   0          SH:  4    Dex: 12    Spells: 0/0 levels left

rFire   . . .      SeeInvis .    a - +0 trident
rCold   . . .      Faith    .    c - +0 buckler
rNeg    . . .      Spirit   .    b - +0 scale mail
rPois   .          Reflect  .    (no helmet)
rElec   .          Harm     .    (no cloak)
rCorr   .          Rampage  .    (no gloves)
Will    .....                    (no boots)
Stlth   ..........               (no amulet)
HPRegen 0.06/turn                (no ring)
MPRegen 0.07/turn                (no ring)

@: studying Earth Magic
A: no striking features
a: no special abilities


You were on level 1 of the Dungeon.
You visited 1 branch of the dungeon, and saw 1 of its levels.

Inventory:

Hand Weapons
 a - a +0 trident (weapon)
Armour
 b - a +0 scale mail (worn)
 c - a +0 buckler (worn)
Scrolls
 e - a scroll of acquirement
Potions
 d - a potion of might


   Skills:
 + Level 3.0 Fighting
 * Level 2.0 Polearms
 + Level 2.7 Armour
 * Level 2.8 Shields


You couldn't memorise any spells.
You didn't know any spells.
Your spell library was empty.

Dungeon Overview and Level Annotations

Branches:
Dungeon (1/15)

Altars:


Message History

You reach to attack!
You puncture the endoplasm!
You kill the endoplasm!
No target in view!
A quokka comes into view.
You miss the quokka. The quokka bites you. You block the quokka's attack.
You hit the quokka but do no damage. The quokka barely misses you.
You closely miss the quokka. The quokka bites you.
You block the quokka's attack.
You closely miss the quokka. The quokka barely misses you.
The quokka completely misses you.
You barely miss the quokka. You block the quokka's attack.
You hit the quokka.
You kill the quokka!
No target in view!
An endoplasm comes into view.
The endoplasm quivers.
You see here a scroll labelled OHUHEGH QICYXI.
You puncture the endoplasm!
You kill the endoplasm!
Your Polearms skill increases to level 2!
No target in view!
e - a scroll labelled OHUHEGH QICYXI This is a scroll of acquirement!
You see here a manual of Earth Magic.
Something appears at your feet!
You pick up a manual of Earth Magic and begin studying.
You swing at nothing.
You swing at nothing.
Found a robe.
Found a stone staircase leading down.
A rat comes into view.
Found a scroll of acquirement and 10 gold pieces.
The rat barely misses you.
You hit the rat.
The rat is moderately wounded.
The rat bites you but does no damage.
You puncture the rat!
You kill the rat!
You see here a rat corpse.
e - a scroll of acquirement Unknown command.
Are you sure you want to abandon this character and quit the game? (Confirm with "yes".)

#########
#.......#
#.....$.#
#.......#
#.......#
#.....@.#
####.......#
#....†.....#
#.##.......#
##.#........#
#..#.########
# ##.##.#
#.####.....#
.........###


There were no monsters in sight!

Vanquished Creatures
  A bat (D:1)
  2 endoplasms (D:1)
  A quokka (D:1)
  A rat (D:1)
5 creatures vanquished.

Notes
Turn   | Place    | Note
-------+----------+-------------------------------------------
     0 | D:1      | wilfster70 the Demonspawn Fighter began the quest for the
                  | Orb.
     0 | D:1      | Reached XP level 1. HP: 18/18 MP: 1/1
    35 | D:1      | Identified a scroll of acquirement
    35 | D:1      | Acquired a manual of Earth Magic
    76 | D:1      | Quit the game

Illustrated notes

Levels and vault maps discovered:
D:1:      evilmike_arrival_plus, layout_rooms

Skill      XL: |  1 |
---------------+----+-----
Polearms       | 2 |  2.0
Fighting       | |  3.0
Armour         | |  2.7
Shields        | |  2.8

Action                   || total
-------------------------++-------
Melee: Trident           ||    11
  Use: Scroll            ||     1
Armor: Scale mail        ||     1
Dodge: Dodged            ||     5
Block: Buckler           ||     3

Table legend: (Time is in decaauts)
 A = Elapsed time spent in this place.
 B = Non-inter-level travel time spent in this place.
 C = Inter-level travel time spent in this place.
 D = Time resting spent in this place.
 E = Time spent auto-exploring this place.
 F = Levels seen in this place.
 G = Mean time per level.
                   A        B        C        D        E       F      G
               +--------+--------+--------+--------+--------+-----+--------+
         Total |     79 |     79 |      0 |      0 |      0 |   1 |   79.0 |
       Dungeon |     79 |     79 |      0 |      0 |      0 |   1 |   79.0 |
               +--------+--------+--------+--------+--------+-----+--------+

Top non-repeatable levels by time:
     D:1: 79 daAuts
